 Dungeon Crawl Stone Soup version 0.31.0-32-g396128a36d (webtiles) character file.

Game seed: 5034745087584783024

144 safid the Ruffian (level 5, -2/40 HPs)
             Began as a Draconian Shapeshifter on Apr 4, 2024.
             Slain by a gnoll
             ... wielding a +0 whip
             ... led by a gnoll bouda
              (5 damage)
             ... on level 4 of the Dungeon.
             The game lasted 00:03:14 (2856 turns).

safid the Ruffian (Draconian Shapeshifter)          Turns: 2856, Time: 00:03:15

Health: -2/40      AC:  5    Str: 18    XL:     5   Next: 5%
Magic:  0/5        EV: 12    Int: 10    God:
Gold:   220        SH:  0    Dex: 11    Spells: 4/4 levels left

rFire   . .          .
                       - Unarmed
rCold   . . .        (no shield)
rNeg    . . .        (body armour unavailable)
rPois   .            (helmet currently unavailable)
rElec   .            (cloak currently unavailable)
rCorr   .            (gloves currently unavailable)
SInv    .            (boots currently unavailable)
Will    .....        k - amulet of guardian spirit
Stlth   +            (no ring)
HPRegen 0.26/turn    (no ring)
MPRegen 0.09/turn

%: guardian spirit
@: beast-form, weakened
A: beast (slay +2), AC +5, unfitting armour, cold-blooded
a: Begin Untransformation


You were on level 4 of the Dungeon.
You were a hulking beast.
You visited 1 branch of the dungeon, and saw 4 of its levels.

You collected 220 gold pieces.

Inventory:

Jewellery
 d - a ring of fire
 k - an amulet of guardian spirit (around neck)
Talismans
 b - a beast talisman
 c - a flux talisman
 l - a serpent talisman
Scrolls
 a - a scroll of revelation {unknown}
 f - 7 scrolls of identify {unknown}
 h - 3 scrolls of teleportation {unknown}
 i - 2 scrolls of vulnerability {unknown}
 j - a scroll of poison {unknown}
 m - a scroll of fog {unknown}
 n - a scroll of amnesia {unknown}
Potions
 e - 2 potions of mutation {unknown}
 g - 2 potions of curing {unknown}


   Skills:
 + Level 1.4 Fighting
 - Level 2.0 Dodging
 + Level 4.8 Unarmed Combat
 + Level 3.9 Shapeshifting


You had 4 spell levels left.
You didn't know any spells.
Your spell library contained the following spells:

 Spells                   Type           Power      Damage    Failure   Level
 Summon Small Mammal      Summ           0%         N/A       36%         1
 Call Canine Familiar     Summ           0%         N/A       75%         3
 Summon Blazeheart Golem  Fire/Summ      0%         N/A       98%         4
 Malign Gateway           Summ/Tloc      0%         N/A       100%        7
 Summon Horrible Things   Summ           0%         N/A       100%        8


Dungeon Overview and Level Annotations

Branches:
Dungeon (4/15)
 Temple: D:4-7

Altars:

Shops:
D:1 =


Innate Abilities, Weirdness & Mutations

You are a hulking beast.
Your limbs bulge with bestial killing power. (Slay +2)
Your plain brown scales are hard. (AC +5)
You cannot fit into any form of body armour.
You are cold-blooded and may be slowed by cold attacks.


Message History

The gnoll bouda barely misses you.
You hit the gnoll bouda.
Your tail-slap misses the gnoll bouda.
The gnoll bouda is moderately wounded.
The gnoll hits you with a +0 whip. The gnoll hits you with a +0 flail.
You barely miss the gnoll bouda.
You punch the gnoll bouda, but do no damage.
The gnoll bouda is moderately wounded.
The gnoll bouda closely misses you. The gnoll hits you with a +0 whip.
You barely miss the gnoll bouda.
The gnoll bouda is moderately wounded.
The gnoll completely misses you. The gnoll bouda barely misses you.
The gnoll hits you with a +0 whip!
You are too injured to fight recklessly!
You are too injured to fight recklessly!
You are too injured to fight recklessly!
You are too injured to fight recklessly!
You are too injured to fight recklessly!
You are too injured to fight recklessly!
You are too injured to fight recklessly!
You are too injured to fight recklessly!
You are too injured to fight recklessly!
You are too injured to fight recklessly!
You are too injured to fight recklessly!
You are too injured to fight recklessly!
You are too injured to fight recklessly!
You are too injured to fight recklessly!
You are too injured to fight recklessly!
You are too injured to fight recklessly!
Unknown command.
Unknown command.
You hit the gnoll.
The gnoll is moderately wounded.
The gnoll hits you with a +0 flail!
* * * LOW HITPOINT WARNING * * *
The gnoll bouda gazes fiercely through you!
You feel your attacks grow feeble.
The gnoll bouda hits you with a +0 whip.
* * * LOW HITPOINT WARNING * * *
The gnoll hits you with a +0 whip.
You die...

########################
#.....gh......#.........
#.##..gg..###.#.........
#.###..# #.#.....)... #
#..# #.#......... ....
#..........#
##..#.#..#######.#
..>#.#..##......#
#.......##.####.#
#............†...


You could see a gnoll bouda and 2 gnolls.

Vanquished Creatures
  2 orc wizards (D:3)
  5 gnolls
  A dart slug (D:3)
  2 orcs (D:3)
  5 endoplasms
  A giant cockroach (D:2)
  2 goblins
  4 hobgoblins
  2 quokkas
  3 ball pythons
  3 bats (D:1)
  A frilled lizard (D:1)
  A kobold (D:2)
  4 rats
36 creatures vanquished.

Vanquished Creatures (others)
  An orc wizard (D:3)
1 creature vanquished.

Grand Total: 37 creatures vanquished

Notes
Turn   | Place    | Note
-------+----------+-------------------------------------------
     0 | D:1      | safid the Draconian Shapeshifter began the quest for the
                  | Orb.
     0 | D:1      | Reached XP level 1. HP: 16/16 MP: 1/1
    91 | D:1      | Found a transporter.
   205 | D:1      | Reached XP level 2. HP: 23/23 MP: 2/2
   488 | D:1      | Found Fesch's Jewellery Emporium.
   687 | D:1      | Found a transporter.
  1146 | D:2      | You fall into a shaft and drop 2 floors!
  1278 | D:3      | Reached XP level 3. HP: 19/28 MP: 3/3
  1298 | D:3      | Reached skill level 4 in Unarmed Combat
  1304 | D:3      | Reached XP level 4. HP: 28/35 MP: 4/4
  2850 | D:4      | Reached XP level 5. HP: 40/40 MP: 3/5
  2856 | D:4      | Slain by a gnoll

Illustrated notes

Levels and vault maps discovered:
D:1:      orjb1_lava_funnel, layout_basic, serial_shops, nicolae_shop_drivethru
D:2:      layout_basic
D:3:      layout_basic
D:4:      layout_basic, led_xom_imps

Skill      XL: |  1  2  3 |
---------------+----------+-----
Dodging        | 2 |  2.0
Unarmed Combat | 4 |  4.8
Fighting       | |  1.4
Shapeshifting  | |  3.9

Action                     |  1- 3 |  4- 6 || total
---------------------------+-------+-------++-------
  Melee: Unarmed           |    88 |    47 ||   135
         Tailslap          |     4 |     7 ||    11
         Punch             |     1 |     2 ||     3
    Use: Potion            |     1 |       ||     1
 Armour: Skin              |    52 |    39 ||    91
  Dodge: Dodged            |    39 |    32 ||    71
